 Dungeon Crawl Stone Soup version 0.31-a0-18-gea43df2a32 (webtiles) character file.

Game seed: 8200522507717134166

114 subawu the Conjurer (level 4, 0/34 HPs)
             Began as a Draconian Conjurer on May 11, 2023.
             Slain by a gnoll
             ... wielding a +0 spear
              (5 damage)
             ... on level 4 of the Dungeon.
             The game lasted 00:17:19 (3103 turns).

subawu the Conjurer (Draconian Conjurer)            Turns: 3103, Time: 00:17:20

Health: 0/34       AC:  6    Str:  9    XL:     4   Next: 66%
Magic:  0/7        EV: 12    Int: 20    God:
Gold:   161        SH:  0    Dex: 12    Spells: 7/8 levels left

rFire   . . .        j - +2 short sword (venom)
rCold   . . .        (no shield)
rNeg    . . .        (body armour unavailable)
rPois   .            (helmet restricted)
rElec   .            l - +0 cloak
rCorr   .            (no gloves)
SInv    .            (no boots)
Will    .....        (no amulet)
Stlth   +++          (no ring)
HPRegen 0.25/turn    (no ring)
MPRegen 0.10/turn

%: no passive effects
@: no status effects
A: AC +5, unfitting armour, cold-blooded, thin skeletal structure 1
a: no special abilities


You were on level 4 of the Dungeon.
You visited 1 branch of the dungeon, and saw 4 of its levels.

You collected 161 gold pieces.

Inventory:

Hand Weapons
 e - a +1 short sword of freezing
 f - a +0 whip
 h - a +0 dagger of venom
 j - a +2 short sword of venom (weapon)
 u - a +0 sling
Missiles
 b - 6 poisoned darts
 c - 31 stones
Armour
 l - a +0 cloak (worn)
Magical Staves
 m - a staff of earth
Scrolls
 g - a scroll of poison
 i - a scroll of blinking {unknown}
 k - 2 scrolls of teleportation {unknown}
 n - 2 scrolls of noise {unknown}
 p - 2 scrolls of enchant weapon {unknown}
 q - a scroll of brand weapon {unknown}
 r - a scroll of fear {unknown}
Potions
 a - a potion of magic
 d - a potion of curing
 o - a potion of invisibility {unknown}
 s - a potion of attraction
 t - 2 potions of flight


   Skills:
 + Level 0.5 Fighting
 + Level 1.1 Short Blades
 + Level 2.4 Dodging
 + Level 2.2 Stealth
 + Level 0.3 Unarmed Combat
 + Level 2.6 Spellcasting
 + Level 4.8 Conjurations


You had 7 spell levels left.
You knew the following spells:

 Your Spells              Type           Power      Damage    Failure   Level
a - Magic Dart            Conj           88%        1d7       1%          1

Your spell library contained the following spells:

 Spells                   Type           Power      Damage    Failure   Level
 Searing Ray              Conj           44%        2d6       3%          2
 Dazzling Flash           Conj/Hex       24%        N/A       16%         3
 Fulminant Prism          Conj/Hex       6%         3d6       47%         4
 Iskenderun's Mystic Bla  Conj/Tloc      12%        2d5       47%         4


Dungeon Overview and Level Annotations

Branches:
Dungeon (4/15)
 Temple: D:4-7

Altars:

Shops:
D:1 :


Innate Abilities, Weirdness & Mutations

Your plain brown scales are hard. (AC +5)
You cannot fit into any form of body armour.
You are cold-blooded and may be slowed by cold attacks.
You have a somewhat thin skeletal structure. (Dex +2, Stealth+)


Message History

The goblin hits you but does no damage.
The gnoll hits you from afar with a +0 spear.
* * * LOW HITPOINT WARNING * * *
You hit the gnoll but do no damage.
The gnoll is poisoned.
Your punch misses the gnoll. The gnoll hits you with a +0 flail.
* * * LOW HITPOINT WARNING * * *
The goblin misses you. The gnoll closely misses you.
Casting: Magic Dart (safe; 1% risk of failure)
Confirm with . or Enter, or press ? or * to list all spells.
Aiming: Magic Dart (safe; 1% risk of failure)
Press: ? - help, Shift-Dir - straight line, f/p - gnoll
Aim: a gnoll, wielding a +0 flail and quivering javelins (moderately wounded, very poisoned, 100% to hit)
The magic dart hits the gnoll.
The gnoll is heavily wounded.
The gnoll hits you with a +0 flail.
* * * LOW HITPOINT WARNING * * *
The goblin barely misses you. The gnoll closely misses you.
Unknown command.
Casting: Magic Dart (safe; 1% risk of failure)
Confirm with . or Enter, or press ? or * to list all spells.
Aiming: Magic Dart (safe; 1% risk of failure)
Press: ? - help, Shift-Dir - straight line, f/p - gnoll
Aim: a gnoll, wielding a +0 flail and quivering javelins (heavily wounded, very poisoned, 100% to hit)
The magic dart hits the gnoll!
You kill the gnoll!
The goblin closely misses you. The gnoll barely misses you.
Your Short Blades skill increases to level 1!
Casting: Magic Dart (safe; 1% risk of failure)
Confirm with . or Enter, or press ? or * to list all spells.
You don't have enough magic to cast this spell.
You hit the goblin.
The goblin is poisoned.
The goblin is heavily wounded.
You kill the goblin!
The gnoll barely misses you. The gnoll closely misses you.
Items here: ( )) †.
The gnoll barely misses you.
You see here a potion of attraction.
The gnoll hits you with a +0 spear.
You die...

#... #.....
#..... #.....
....
....###########
#...........
..######.g))#
.......>†.@!#
#######.....#
.........#
###...$..#
#......#
#...#.#.#
#.....#.#
........#


You could see a gnoll.

Vanquished Creatures
  3 gnolls (D:4)
  An adder (D:3)
  3 worms
  3 dart slugs
  2 ball pythons
  4 endoplasms
  2 giant cockroaches
  5 goblins
  11 hobgoblins
  4 jackals (D:4)
  3 quokkas
  5 bats
  A frilled lizard (D:2)
  8 kobolds
  2 rats
57 creatures vanquished.

Notes
Turn   | Place    | Note
-------+----------+-------------------------------------------
     0 | D:1      | subawu the Draconian Conjurer began the quest for the Orb.
     0 | D:1      | Reached XP level 1. HP: 14/14 MP: 3/3
   333 | D:1      | Reached XP level 2. HP: 20/20 MP: 1/5
   398 | D:1      | Found Zyxiypn's Book Shop.
  1018 | D:1      | Gained mutation: You have a somewhat thin skeletal
                  | structure. (Dex +2, Stealth+) [potion of mutation]
  1332 | D:2      | Reached XP level 3. HP: 11/26 MP: 6/6
  1731 | D:2      | Found a faded altar of an unknown god.
  2456 | D:3      | Reached XP level 4. HP: 33/33 MP: 5/7
  3100 | D:4      | Reached skill level 1 in Short Blades
  3103 | D:4      | Slain by a gnoll

Illustrated notes

Levels and vault maps discovered:
D:1:      dpeg_arrival_castle, layout_loops_ring, serial_shops,
          nicolae_book_shop_shelving
D:2:      layout_loops_ring, dreamdust_ecumenical_altar_grove, minivault_27,
          minivault_26, feat_on_display
D:3:      layout_rooms, minmay_tree_intersection
D:4:      layout_basic, temple_garden

Skill      XL: |  1  2  3  4 |
---------------+-------------+-----
Dodging        | 2 |  2.4
Stealth        | 2 |  2.2
Short Blades   | 1 |  1.1
Fighting       | |  0.5
Unarmed Combat | |  0.3
Spellcasting   | |  2.6
Conjurations   | |  4.8

Action                     |  1- 3 |  4- 6 || total
---------------------------+-------+-------++-------
  Melee: Unarmed           |    14 |       ||    14
         Tailslap          |    12 |     1 ||    13
         Short sword       |    85 |    31 ||   116
   Cast: Magic Dart        |    23 |    10 ||    33
    Use: Potion            |     5 |       ||     5
         Scroll            |     2 |       ||     2
   Stab: Distracted        |     1 |       ||     1
         Sleeping          |       |     1 ||     1
 Armour: Skin              |    49 |    18 ||    67
  Dodge: Dodged            |   110 |    51 ||   161

Table legend: (Time is in decaauts)
 A = Elapsed time spent in this place.
 B = Non-inter-level travel time spent in this place.
 C = Inter-level travel time spent in this place.
 D = Time resting spent in this place.
 E = Time spent auto-exploring this place.
 F = Levels seen in this place.
 G = Mean time per level.
                   A        B        C        D        E       F      G
               +--------+--------+--------+--------+--------+-----+--------+
         Total |   3109 |   2856 |    253 |     62 |      0 |   4 |  777.2 |
       Dungeon |   3109 |   2856 |    253 |     62 |      0 |   4 |  777.2 |
               +--------+--------+--------+--------+--------+-----+--------+

Top non-repeatable levels by time:
     D:1: 1141 daAuts
     D:2: 1137 daAuts
     D:3: 793 daAuts
     D:4: 37 daAuts
